 Dungeon Crawl Stone Soup version 0.20.0-8-g6b59dc7 (webtiles) character file.

5740 anfisbena the Arsonist (level 10, -8/44 HPs)
             Began as a Gargoyle Fire Elementalist on May 31, 2017.
             Was a Priest of Vehumet.
             Mangled by a two-headed ogre
             ... wielding a +0 giant club
              (20 damage)
             ... on level 9 of the Dungeon.
             The game lasted 00:22:38 (12343 turns).

anfisbena the Arsonist (GrFE)                      Turns: 12343, Time: 00:22:39

Health: -8/44      AC: 17    Str: 12    XL:     10   Next: 77%
Magic:  7/14       EV: 11    Int: 19    God:    Vehumet [***...]
Gold:   472        SH:  4    Dex: 10    Spells: 0/15 levels left

rFire    . . .     SeeInvis .   w - +4 quarterstaff (chaos)
rCold    . . .     Gourm    .   (shield currently unavailable)
rNeg     + . .     Faith    .   B - +3 leather armour
rPois    ∞         Spirit   .   k - +1 helmet
rElec    +         Reflect  .   f - +1 cloak {+Inv}
rCorr    .         Harm     .   (no gloves)
MR       .....                  (no boots)
Stlth    ++........             x - amulet of magic regeneration
Regen    0.2/turn               s - ring of wizardry
MPRegen  0.3/turn               (no ring)

@: no status effects
A: icy blue scales 1, large bone plates 1, deformed body, frail 2, negative
energy resistance 1, electricity resistance, unbreathing, petrification
resistance, rot immunity, AC +7
a: Renounce Religion, Evoke Invisibility


You were on level 9 of the Dungeon.
You worshipped Vehumet.
Vehumet was most pleased with you.
You were not hungry.

You visited 1 branch of the dungeon, and saw 9 of its levels.

You collected 472 gold pieces.

Inventory:

Hand Weapons
 w - a +4 quarterstaff of chaos (weapon)
 z - a +5 quarterstaff of holy wrath
 C - a +2 whip of electrocution
Armour
 f - a +1 cloak of invisibility (worn)
 k - a +1 helmet (worn)
 B - a +3 leather armour (worn)
 E - a +0 pair of gloves
Jewellery
 s - a ring of wizardry (left hand)
 x - an amulet of magic regeneration (around neck)
 F - an uncursed amulet of guardian spirit
Wands
 e - a wand of lightning (8/15)
 g - a wand of digging (10/24)
 o - a wand of iceblast (4/15)
 y - a wand of disintegration (15/24)
Scrolls
 h - a scroll of enchant armour
 i - 3 scrolls of magic mapping
 j - a scroll of fear
 m - a scroll of amnesia
 q - a scroll of noise {unknown}
 t - a scroll of blinking {unknown}
 u - 4 scrolls of remove curse
 D - a scroll of enchant weapon {unknown}
 I - a scroll of identify
Potions
 a - a potion of flight
 l - a potion of haste
 n - a potion of might {unknown}
 r - 7 potions of curing
 v - 2 potions of magic {unknown}
 G - a potion of agility
Books
 b - a book of Flames

   Spells                             Type                      Level
   a - Flame Tongue                   Conjuration/Fire             1
   b - Throw Flame                    Conjuration/Fire             2
   c - Conjure Flame                  Conjuration/Fire             3
   d - Inner Flame                    Hexes/Fire                   3
   e - Sticky Flame                   Conjuration/Fire             4
   f - Fireball                       Conjuration/Fire             5
Comestibles
 c - 5 bread rations
 d - 3 meat rations
 p - 2 royal jellies
 A - a fruit
 H - 3 chunks of flesh


   Skills:
 + Level 3.1 Fighting
 + Level 2.7 Staves
 - Level 1.5 Dodging
 - Level 2.1 Stealth
 - Level 3.0 Spellcasting
 - Level 10.0 Conjurations
 - Level 12.0 Fire Magic


You couldn't memorise any spells.
You knew the following spells:

 Your Spells              Type           Power        Failure   Level  Hunger
a - Flame Tongue          Conj/Fire      #####        1%          1    None
b - Sticky Flame          Conj/Fire      #####...     1%          4    ####...
c - Conjure Flame         Conj/Fire      #####...     1%          3    ###....
d - Searing Ray           Conj           #####.       1%          2    ##.....
f - Fireball              Conj/Fire      #####.....   1%          5    ######.


Dungeon Overview and Level Annotations

Branches:
Dungeon (9/15)             Temple (0/1) D:7
   Lair: D:8-11         Orc: D:9-12

Altars:
Fedhas
Gozag
Hepliaklqana
Vehumet
Yredelemnul
The Shining One

Annotations:
D:8 Psyche


Innate Abilities, Weirdness & Mutations

You are resistant to torment.
Your stone body is resilient. (AC +7)
You are immune to poison.
You resist negative energy. (rN+)
You are resistant to electric shocks. (rElec)
You can survive without breathing.
You are immune to petrification.
You are immune to rotting.
You are partially covered in icy blue scales. (AC +2)
You are partially covered in large bone plates. (SH +4)
Armour fits poorly on your strangely shaped body.
You are very frail. (-20% HP)


Message History

The two-headed ogre seems to speed up.
The two-headed ogre is engulfed in blazing flames.
The two-headed ogre hits you with a giant club!
* * * LOW HITPOINT WARNING * * *
The two-headed ogre hits you with a dire flail.
* * * LOW HITPOINT WARNING * * *
The two-headed ogre is engulfed in blazing flames.
The two-headed ogre hits you but does no damage.
The two-headed ogre hits you with a dire flail.
* * * LOW HITPOINT WARNING * * *
You thump the two-headed ogre!
The two-headed ogre is poisoned.
The two-headed ogre is heavily wounded.
The two-headed ogre is engulfed in blazing flames.
The two-headed ogre closely misses you. You block the two-headed ogre's attack.
You hit the two-headed ogre.
Space warps horribly around the two-headed ogre!
The two-headed ogre is almost dead.
The two-headed ogre is engulfed in blazing flames.
The two-headed ogre hits you with a giant club!!
You die...

.# #.........#
.# #.#######.#
.# #.# #.#
.##########.##
#.#
.............#
#.#
##############
#.# ...### #.#
(......
#########.#
##.####
#...oO@...# #
#.#########
##. #.#
)...........#
##.##.##..#.#
# ....#.. #
#.### .## # #
. # .


You could see a two-headed ogre and an orc warrior.

Vanquished Creatures
  A two-headed ogre (D:8)
  Pikel (D:4)
  Joseph (D:8)
  Grinder (D:4)
  Sigmund (D:2)
  Eustachio (D:5)
  2 wargs (D:9)
  Duvessa (D:7)
  3 orc warriors
  A sky beast (D:7)
  An ice beast (D:5)
  A slave (D:3)
  3 ogres
  A phantom (D:5)
  A centaur (D:7)
  7 bullfrogs
  Dowan (D:7)
  2 scorpions
  5 killer bees (D:8)
  9 wights
  3 howler monkeys (D:8)
  A bullfrog zombie (D:5)
  3 crimson imps
  2 centaur zombies
  A jelly (D:9)
  Crazy Yiuf (D:6)
  A bullfrog skeleton (D:9)
  5 orc priests
  4 hounds
  An iguana (D:4)
  Ijyb (D:4)
  2 orc wizards (D:9)
  6 worker ants
  A hound skeleton (D:7)
  2 worker ant zombies
  5 adders
  A gnoll (D:1)
  A shadow imp (D:7)
  2 oozes
  An adder zombie (D:5)
  An adder skeleton (D:4)
  6 worms
  3 dart slugs
  3 leopard geckos
  19 orcs
  3 ball pythons
  10 bats
  3 giant cockroaches
  3 goblins
  14 hobgoblins
  3 jackals (D:3)
  4 quokkas
  6 frilled lizards
  A jackal skeleton (D:4)
  6 kobolds
  A quokka skeleton (D:8)
  A quokka zombie (D:5)
  7 rats
182 creatures vanquished.

Vanquished Creatures (others)
  A slave (D:4)
  A ball python (D:4)
2 creatures vanquished.

Grand Total: 184 creatures vanquished

Notes
Turn   | Place    | Note
-------+----------+-------------------------------------------
     0 | D:1      | anfisbena the Gargoyle Fire Elementalist began the quest for the Orb.
     0 | D:1      | Reached XP level 1. HP: 10/10 MP: 3/3
   448 | D:1      | Reached XP level 2. HP: 15/15 MP: 1/5
   837 | D:1      | Reached XP level 3. HP: 17/19 MP: 2/6
  1744 | D:2      | Noticed Sigmund
  1758 | D:2      | Reached XP level 4. HP: 20/24 MP: 2/7
  2072 | D:2      | Killed Sigmund
  2072 | D:2      | Reached skill level 4 in Fire Magic
  2072 | D:2      | Reached XP level 5. HP: 24/28 MP: 0/9
  2078 | D:2      | Learned a level 4 spell: Sticky Flame
  2082 | D:2      | Learned a level 3 spell: Conjure Flame
  2286 | D:3      | Found a blossoming altar of Fedhas.
  2291 | D:3      | Reached XP level 6. HP: 25/32 MP: 5/10
  2930 | D:3      | Found a glowing drain.
  4214 | D:4      | Noticed a slave
  4215 | D:4      | Noticed a slave
  4216 | D:4      | Noticed a slave
  4221 | D:4      | Noticed Ijyb
  4269 | D:3      | Killed a slave
  4356 | D:3      | Reached skill level 5 in Fire Magic
  4444 | D:4      | Found a radiant altar of Vehumet.
  4457 | D:4      | Became a worshipper of Vehumet
  4548 | D:4      | Reached skill level 5 in Conjurations
  4739 | D:4      | Noticed Pikel
  4754 | D:4      | Noticed a slave
  4810 | D:4      | Killed Pikel
  4810 | D:4      | Reached skill level 6 in Fire Magic
  4810 | D:4      | Reached XP level 7. HP: 22/36 MP: 7/11
  4810 | D:4      | Reached XP level 8. HP: 26/41 MP: 7/12
  4984 | D:4      | Noticed Grinder
  4994 | D:4      | Paralysed by Grinder for 5 turns
  5003 | D:4      | Killed Grinder
  5003 | D:4      | Reached skill level 7 in Fire Magic
  5322 | D:4      | Killed Ijyb
  5467 | D:4      | Found an opulent altar of Gozag.
  5724 | D:4      | Got an encrusted short sword
  5996 | D:5      | Entered Level 5 of the Dungeon
  6053 | D:5      | Noticed Eustachio
  6101 | D:5      | Killed Eustachio
  6557 | D:5      | Got a tattered robe
  6568 | D:5      | Identified the cursed -5 robe of Misfortune {-Cast *Contam *Tele *Drain EV-5 Stlth-- *Curse} (You found it on level 5 of the Dungeon)
  6612 | D:5      | Reached * piety under Vehumet
  6612 | D:5      | Offered knowledge of Sting by Vehumet.
  6632 | D:5      | Gained mutation: Armour fits poorly on your strangely shaped body. [mutagenic glow]
  6782 | D:5      | You fall through a shaft!
  6782 | D:6      | Found a basalt altar of Yredelemnul.
  6782 | D:6      | Found an opulent altar of Gozag.
  6954 | D:5      | Found a hazy altar of Hepliaklqana.
  7125 | D:5      | Reached skill level 8 in Fire Magic
  7258 | D:5      | Reached XP level 9. HP: 33/45 MP: 7/13
  7265 | D:5      | Learned a level 5 spell: Fireball
  7926 | D:6      | Found a runed door.
  8192 | D:6      | Noticed Crazy Yiuf
  8197 | D:6      | Killed Crazy Yiuf
  8620 | D:7      | Reached skill level 9 in Fire Magic
  8624 | D:7      | Gained mutation: You are partially covered in large bone plates. (SH +4) [mutagenic meat]
  8626 | D:7      | Gained mutation: You are frail. (-10% HP) [mutagenic meat]
  8627 | D:7      | Gained mutation: You are very frail. (-20% HP) [mutagenic meat]
  8628 | D:7      | Gained mutation: You are partially covered in icy blue scales. (AC +2) [mutagenic meat]
  8699 | D:7      | Found a staircase to the Ecumenical Temple.
  8935 | D:7      | Found a glowing golden altar of the Shining One.
  9177 | D:7      | Noticed Duvessa
  9177 | D:7      | Noticed Dowan
  9179 | D:7      | Killed Dowan
  9179 | D:7      | Killed Duvessa
  9179 | D:7      | Reached skill level 10 in Conjurations
  9180 | D:7      | Reached ** piety under Vehumet
  9180 | D:7      | Offered knowledge of Searing Ray by Vehumet.
 10050 | D:8      | Reached skill level 10 in Fire Magic
 10177 | D:8      | Noticed Joseph
 10193 | D:8      | Killed Joseph
 10193 | D:8      | Reached XP level 10. HP: 24/40 MP: 3/14
 10212 | D:8      | Learned a level 2 spell: Searing Ray
 10580 | D:8      | Reached skill level 11 in Fire Magic
 10998 | D:8      | Noticed Psyche
 11754 | D:8      | Noticed a two-headed ogre
 11772 | D:8      | Killed a two-headed ogre
 11772 | D:8      | Reached skill level 12 in Fire Magic
 11974 | D:9      | Reached skill level 1 in Fighting
 11974 | D:9      | Reached skill level 1 in Staves
 11993 | D:9      | Offered knowledge of Ignite Poison by Vehumet.
 12080 | D:9      | Reached *** piety under Vehumet
 12325 | D:9      | Noticed a two-headed ogre
 12343 | D:9      | Mangled by a two-headed ogre

Skill      XL: |  1  2  3  4  5  6  7  8  9 10 |
---------------+-------------------------------+-----
Conjurations   | 2 3 4 6 8 10 | 10.0
Spellcasting   | 3 |  3.0
Fire Magic     | 4 6 8 10 12 | 12.0
Fighting       | 3 |  3.1
Staves         | 2 |  2.7
Dodging        | |  1.5
Stealth        | |  2.1

Action                   |  1- 3 |  4- 6 |  7- 9 | 10-12 || total
-------------------------+-------+-------+-------+-------++-------
Melee: Unarmed           |     6 |     7 |    20 |       ||    33
       Long sword        |       |    18 |       |       ||    18
       Whip              |       |       |     8 |       ||     8
       Quarterstaff      |       |       |    25 |    63 ||    88
 Cast: Flame Tongue      |    64 |   115 |   189 |   118 ||   486
       Conjure Flame     |       |       |     2 |     1 ||     3
       Fireball          |       |       |     9 |     8 ||    17
       Searing Ray       |       |       |       |     4 ||     4
  Use: Scroll            |     2 |       |     8 |       ||    10
       Potion            |       |       |     3 |       ||     3
  Eat: Chunk             |     4 |     8 |    24 |     7 ||    43
       Fruit             |       |     1 |     2 |     3 ||     6
Armor: Robe              |     9 |    36 |    74 |       ||   119
       Skin              |       |       |     2 |       ||     2
       Leather armour    |       |       |       |   120 ||   120
Dodge: Dodged            |    32 |    57 |   126 |    96 ||   311
Block: Other             |       |     6 |    24 |    28 ||    58
       Rpst.: Long sword |       |    12 |       |       ||    12
